 Dungeon Crawl Stone Soup version 0.14-a0-1707-g75daffb (webtiles) character file.

946 Piginabag the Ducker (level 7, -10/55 HPs)
             Began as a Demonspawn Monk on Jan 1, 2014.
             Was a Believer of Makhleb.
             Mangled by a wyvern (14 damage)
             ... on Level 5 of the Dungeon.
             The game lasted 00:12:37 (4719 turns).

Piginabag the Ducker (Demonspawn Monk)              Turns: 4719, Time: 00:12:37

HP -10/55        AC  5     Str 13      XL: 7   Next: 42%
MP   0/8         EV 11     Int 11      God: Makhleb [**....]
Gold 227         SH  0     Dex 16      Spells:  0 memorised,  6 levels left

rFire  . . .     SeeInvis .       - Unarmed
rCold  . . .     Clarity  .     w - +0 ring mail {rPois}
rNeg   . . .     Conserve .     (no shield)
rPois  +         rCorr    .     (helmet restricted)
rElec  .         rRot     .     (no cloak)
SustAb . .       Spirit   +     (no gloves)
rMut   .         Warding  .     (no boots)
Saprov . . .     Stasis   .     (no amulet)
                                (no ring)
                                (no ring)

@: slightly resistant to hostile enchantments, unstealthy
A: antennae 1, claws 2, magic shield
a: Minor Destruction, Renounce Religion


You were on level 5 of the Dungeon.
You worshipped Makhleb.
Makhleb was pleased with you.
You were hungry.

You visited 2 branches of the dungeon, and saw 6 of its levels.

You collected 227 gold pieces.

Inventory:

Armour
 w - a +0 ring mail of poison resistance (worn)
Comestibles
 a - a chunk of quokka flesh
 b - 2 bread rations
 g - a meat ration
 n - a rotting chunk of orc flesh
 p - 14 strawberries
Scrolls
 d - 2 scrolls of teleportation {unknown}
 f - 2 scrolls of remove curse {unknown}
 i - 2 scrolls of recharging {unknown}
 m - 4 scrolls of identify {unknown}
 o - a scroll of fog {unknown}
 q - a scroll of curse weapon {unknown}
 t - 2 scrolls of immolation {unknown}
Potions
 c - a potion of magic {unknown}
 e - 2 potions of cure mutation {unknown}
 h - a potion of restore abilities {unknown}
 j - a potion of heal wounds {unknown}
 k - a potion of speed {unknown}
 l - 2 potions of agility {unknown}
 r - a potion of mutation {unknown}
 v - a potion of curing {unknown}
Books
 u - a book of Maledictions

   Spells                             Type                      Level
   Corona                             Hexes                        1
   Sure Blade                         Hexes/Charms                 2
   Ensorcelled Hibernation            Hexes/Ice                    2
   Confuse                            Hexes                        3
   Enslavement                        Hexes                        4
   Invisibility                       Hexes                        6


   Skills:
 + Level 4.4 Fighting
 + Level 2.9 Armour
 + Level 5.1 Dodging
 + Level 2.9 Stealth
 + Level 4.9 Unarmed Combat
 + Level 1.8 Invocations


You had 6 spell levels left.
You didn't know any spells.

Dungeon Overview and Level Annotations

Branches:
Dungeon (5/16)             Temple (1/1) D:4

Altars:
Cheibriados
Fedhas
Makhleb
Nemelex Xobeh
Okawaru
Sif Muna
Trog
Vehumet
Xom
Yredelemnul
Zin
the Shining One


Innate Abilities, Weirdness & Mutations

You have a pair of small antennae on your head.
You have very sharp fingernails.
When hurt, damage is shared between your health and your magic reserves.


Message History

* * * LOW HITPOINT WARNING * * *
You see here a runed mace.
The orc wizard casts a spell at you. The puff of flame misses you.
The orc wizard gestures at you while chanting.
The puff of flame hits you!
* * * LOW HITPOINT WARNING * * *
The wyvern bites you.
* * * LOW HITPOINT WARNING * * *
You are feeling hungry.
The wyvern misses you.
There is an open door here.
The wyvern barely misses you.
The orc wizard's eyes start to glow.
The orc wizard becomes somewhat translucent.
The wyvern bites you.
* * * LOW HITPOINT WARNING * * *
The orc wizard is no longer moving quickly.
The wyvern bites you!
You die...

..................#
.....#.#.#.#......#
......#...........#
####D#.#.#........#
##..#....##'#####
###..#)#.####..#
#.....[..# ##o#
#'##.#.###
###.###### .......#
###...D@...#
......##
#..........#
......#
#..#........#
###...+...
#....)...#
≈≈#...###
#........# #≈#####
#.......(# .≈#.#
#####.#### #≈#.#
#.# ≈≈#.# ##.#


You could see a wyvern.

Vanquished Creatures
  A sky beast (D:5)
  An ogre (D:4)
  A goliath beetle (D:5)
  A jelly (D:5)
  2 crimson imps (D:5)
  3 orc priests (D:4)
  A worker ant (D:5)
  2 orc wizards (D:4)
  2 iguanas
  A scorpion (D:5)
  Ijyb (D:4)
  An ogre skeleton (D:5)
  4 adders
  A giant mite (D:2)
  2 worms
  2 oozes
  6 orcs
  11 bats
  3 giant cockroaches
  5 hobgoblins
  2 quokkas
  A ball python (D:1)
  3 giant geckos
  8 giant newts
  8 goblins
  5 jackals
  13 kobolds
  A quokka skeleton (D:5)
  8 rats
100 creatures vanquished.

Notes
Turn   | Place    | Note
--------------------------------------------------------------
     0 | D:1      | Piginabag, the Demonspawn Monk, began the quest for the Orb.
     0 | D:1      | Reached XP level 1. HP: 18/18 MP: 1/1
   255 | D:1      | Gained mutation: You have sharp fingernails. [demonic ancestry]
   255 | D:1      | Reached XP level 2. HP: 21/24 MP: 2/2
   973 | D:2      | Gained mutation: When hurt, damage is shared between your health and your magic reserves. [demonic ancestry]
   973 | D:2      | Reached XP level 3. HP: 27/29 MP: 3/3
  1931 | D:3      | Gained mutation: You have very sharp fingernails. [demonic ancestry]
  1931 | D:3      | Reached XP level 4. HP: 31/35 MP: 2/4
  2561 | D:4      | Noticed Ijyb
  2573 | D:4      | Killed Ijyb
  2609 | D:4      | Reached skill level 1 in Armour
  2609 | D:4      | Reached skill level 4 in Dodging
  2609 | D:4      | Gained mutation: You have a pair of small antennae on your head. [demonic ancestry]
  2609 | D:4      | Reached XP level 5. HP: 24/42 MP: 3/5
  2755 | D:4      | Found a staircase to the Ecumenical Temple.
  2768 | Temple   | Entered the Ecumenical Temple
  2798 | Temple   | Became a worshipper of Makhleb the Destroyer
  2798 | Temple   | Acquired Makhleb's first power
  2798 | Temple   | Acquired Makhleb's second power
  2848 | D:4      | Noticed an ogre
  2868 | D:4      | Killed an ogre
  3171 | D:4      | Reached XP level 6. HP: 38/48 MP: 4/6
  3346 | D:5      | Entered Level 5 of the Dungeon
  4286 | D:5      | Reached XP level 7. HP: 37/54 MP: 4/7
  4358 | D:4      | Reached skill level 1 in Invocations
  4574 | D:5      | Reached skill level 5 in Dodging
  4639 | D:5      | Found a bloodstained altar of Trog.
  4687 | D:5      | Noticed a wyvern
  4719 | D:5      | Mangled by a wyvern

Action                   |  1- 3 |  4- 6 |  7- 9 || total
-------------------------+-------+-------+-------++-------
Melee: Unarmed           |   177 |   193 |    80 ||   450
Invok: Minor Destruction |       |    13 |       ||    13
 Stab: Sleeping          |     1 |     1 |       ||     2
